Map: Blackburn LE

Players

MaSa - Winner!

  • Race: Terran Terran

TriGGeR

  • Race: Protoss Protoss

Event: DreamHack SC2 Masters 2021 Winter

VOD

Have the link to the VOD?

Description

Time

  • Played on: Oct. 7, 2021, 6:44 p.m.
  • Length: 11:06

All games in this series

Show
View Real Time Build Order
Export as new Build Order

MaSa Terran - Winner!

Build Orders: Cyclone Opening 

Get SALT Encoding   

  12  0:00  SCV  
  13  0:12  SCV  
  14  0:17  Supply Depot  
  14  0:24  SCV  
  15  0:38  SCV  
  16  0:43  Barracks  
  16  0:45  Refinery  
  16  0:50  SCV  
  16  0:55  Refinery  
  17  1:02  SCV  
  18  1:15  SCV  
  19  1:30  Reaper, Orbital Command  
  20  1:45  Supply Depot  
  20  1:48  Factory  
  20  1:57  SCV  
  21  2:09  SCV  
  22  2:21  SCV  
  23  2:22  Barracks Tech Lab  
  23  2:27  Command Center  
  23  2:38  Barracks  
  23  2:40  SCV  
  24  2:50  Cyclone  
  27  2:53  SCV  
  27  2:55  Barracks Reactor  
  28  3:02  Supply Depot  
  28  3:05  SCV  
  29  3:10  Starport  
  29  3:17  SCV  
  30  3:24  Siege Tank  
  30  3:25  Barracks Tech Lab  
  33  3:31  SCV  
  33  3:32  Marine x2  
  36  3:42  Orbital Command  
  36  3:44  Marine  
  36  3:45  SCV  
  38  3:48  Stimpack  
  38  3:58  Barracks  
  38  4:01  SCV, Starport Tech Lab  
  38  4:04  Marine  
  38  4:08  Marine x2  
  41  4:13  SCV  
  41  4:16  Siege Tank  
  45  4:19  SCV  
  45  4:23  Marine  
  47  4:27  SCV  
  47  4:29  Supply Depot  
  47  4:31  Medivac  
  50  4:34  Marine x2  
  50  4:37  SCV  
  53  4:39  SCV  
  53  4:42  Supply Depot  
  54  4:50  SCV, Marine  
  56  4:53  Siege Tank  
  56  4:55  SCV  
  56  4:58  Engineering Bay  
  60  5:01  Supply Depot  
  60  5:06  Refinery  
  60  5:09  SCV x2  
  60  5:13  Combat Shield, Marine x2  
  64  5:16  Marine  
  64  5:19  Marine  
  67  5:21  SCV x2  
  67  5:31  Marine  
  67  5:33  SCV x2, Marine  
  67  5:34  Marine  
  72  5:39  Siege Tank, Marine  
  75  5:48  SCV  
  75  5:49  SCV, Bunker  
  77  5:53  Marine  
  78  6:04  Terran Infantry Weapons Level 1  
  78  6:06  Supply Depot, Marine x2  
  78  6:07  SCV  
  81  6:16  SCV  
  81  6:18  Bunker  
  78  6:19  Marine x2  
  78  6:24  Marine  
  80  6:26  Marine  
  80  6:27  Siege Tank  
  84  6:36  Missile Turret  
  84  6:37  Marine x2  
  84  6:38  Missile Turret, SCV  
  87  6:42  Marine  
  87  6:44  Marine  
  87  6:51  SCV  
  86  6:55  Marine  
  86  6:56  SCV  
  86  6:57  Bunker, Marine  
  86  7:00  Marine  
  90  7:01  Medivac  
  90  7:02  Marauder  
  90  7:04  SCV  
  94  7:14  Barracks  
  94  7:15  Barracks  
  94  7:20  Supply Depot, SCV  
  94  7:23  Supply Depot  
  94  7:26  Bunker  
  94  7:32  Bunker  
  94  7:41  SCV x2  
  95  7:50  Supply Depot  
  93  7:52  Refinery, Marine  
  93  7:53  Marauder, SCV x2, Command Center  
  98  8:03  Bunker  
  98  8:05  SCV  
  98  8:08  SCV  
  98  8:10  Marauder, Marine x2  
  104  8:18  SCV  
  104  8:20  Marine x2  
  104  8:21  Marauder  
  104  8:24  SCV  
  98  8:27  Marine  
  98  8:30  SCV, Terran Infantry Armor Level 1  
  98  8:31  Starport Reactor  
  100  8:36  SCV  
  99  8:42  SCV, Barracks Reactor, Barracks Tech Lab  
  99  8:48  SCV  
  101  8:55  SCV  
  99  9:00  Marauder, SCV, Marine x3  
  100  9:05  Marauder  
  100  9:07  SCV  
  103  9:12  SCV  
  103  9:13  Bunker  
  103  9:14  Medivac x2  
  108  9:18  Marauder, Missile Turret  
  108  9:19  Supply Depot, SCV  
  108  9:21  Marauder, Marine x2  
  115  9:24  SCV  
  115  9:30  Marine x2  
  115  9:31  Marauder, SCV  
  120  9:36  SCV  
  120  9:37  Orbital Command  
  122  9:44  Marauder, Marine x2  
  122  9:45  SCV  
  127  9:48  Factory Reactor  
  127  9:49  SCV  
  125  9:58  SCV  
  125  10:02  SCV  
  126  10:07  Marine x2  
  126  10:08  Marauder x2, Marine  
  126  10:10  SCV, Concussive Shells  
  126  10:11  Medivac x2  
  126  10:14  SCV  
  139  10:17  Command Center  
  139  10:22  SCV  
  139  10:23  SCV  
  139  10:26  Refinery x2  
  141  10:29  Supply Depot  
  141  10:36  Engineering Bay, Armory  
  141  10:51  SCV x2  
  149  11:02  Barracks  
  149  11:04  Barracks x2  
Show
View Real Time Build Order
Export as new Build Order

TriGGeR Protoss 

Build Orders: 1 Gate Expand, Blink Stalkers 

Get SALT Encoding   

  12  0:01  Probe  
  13  0:13  Probe  
  14  0:17  Pylon  
  14  0:25  Probe (Chrono Boost)  
  15  0:37  Probe (Chrono Boost)  
  15  0:38  Gateway  
  16  0:44  Probe (Chrono Boost)  
  16  0:48  Assimilator  
  17  0:53  Probe  
  18  1:05  Probe  
  19  1:17  Probe  
  20  1:26  Cybernetics Core  
  21  1:35  Nexus  
  21  1:38  Probe  
  21  1:46  Pylon  
  21  1:50  Probe  
  21  1:53  Assimilator  
  22  2:01  Stalker (Chrono Boost)  
  24  2:09  Shield Battery  
  24  2:13  Warp Gate  
  24  2:14  Probe  
  24  2:22  Stalker (Chrono Boost)  
  24  2:26  Probe  
  27  2:38  Probe  
  28  2:51  Probe (Chrono Boost)  
  28  2:54  Probe (Chrono Boost)  
  29  3:01  Stalker, Twilight Council  
  29  3:02  Probe (Chrono Boost)  
  33  3:05  Probe (Chrono Boost)  
  33  3:07  Probe (Chrono Boost)  
  34  3:14  Probe  
  34  3:16  Gateway  
  34  3:18  Probe (Chrono Boost)  
  37  3:30  Probe (Chrono Boost)  
  37  3:33  Probe (Chrono Boost)  
  38  3:34  Blink (Chrono Boost)  
  38  3:37  Probe (Chrono Boost), Pylon  
  38  3:40  Probe (Chrono Boost)  
  40  3:44  Probe  
  40  3:47  Robotics Facility  
  41  3:49  Shield Battery  
  41  3:54  Probe  
  42  4:00  Probe  
  43  4:03  Assimilator  
  43  4:07  Stalker  
  43  4:08  Gateway  
  43  4:09  Probe  
  46  4:16  Stalker  
  49  4:17  Probe  
  49  4:21  Gateway, Probe  
  50  4:24  Pylon  
  50  4:29  Probe  
  50  4:30  Stalker  
  53  4:34  Observer (Chrono Boost)  
  53  4:36  Pylon  
  54  4:45  Probe  
  54  4:47  Pylon  
  54  4:48  Stalker  
  54  4:49  Probe  
  58  4:53  Stalker  
  62  5:03  Assimilator  
  62  5:05  Stalker  
  64  5:13  Dark Shrine  
  64  5:14  Probe x2  
  66  5:20  Shield Battery  
  65  5:22  Stalker  
  65  5:24  Stalker  
  67  5:33  Stalker  
  67  5:36  Stalker  
  67  5:39  Pylon  
  67  5:46  Nexus  
  67  5:52  Charge (Chrono Boost)  
  67  5:54  Shield Battery  
  67  5:58  Stalker  
  69  6:05  Immortal  
  73  6:14  Zealot x2  
  73  6:15  Zealot  
  77  6:22  Gateway  
  77  6:25  Dark Templar  
  79  6:34  Dark Templar  
  79  6:37  Probe x2  
  79  6:39  Dark Templar  
  81  6:54  Dark Templar  
  71  6:56  Zealot  
  66  7:03  Zealot  
  66  7:06  Immortal (Chrono Boost)  
  66  7:12  Zealot  
  66  7:15  Gateway  
  68  7:18  Stalker  
  68  7:23  Gateway  
  68  7:25  Gateway  
  68  7:26  Shield Battery  
  68  7:28  Zealot  
  68  7:29  Zealot  
  72  7:35  Immortal (Chrono Boost)  
  72  7:36  Sentry  
  74  7:43  Dark Templar  
  78  7:47  Zealot  
  78  7:53  Zealot x2  
  82  8:00  Dark Templar  
  84  8:06  Archon  
  84  8:09  Pylon  
  84  8:10  Zealot  
  84  8:12  Pylon  
  86  8:13  Zealot x3  
  76  8:20  Zealot x2  
  56  8:28  Dark Templar x2  
  57  8:34  Archon  
  57  8:36  Stalker x2  
  61  8:43  Stalker  
  61  8:46  Pylon  
  53  9:17  Pylon  
  53  9:18  Dark Templar x3  
  53  9:21  Zealot x2  
  63  9:27  Archon  
  61  9:32  Dark Templar  
  61  9:35  Zealot x2  
  61  9:38  Archon  
  67  9:42  Zealot x2  
  53  10:00  Stalker x3  
  53  10:01  Stalker  
  57  10:08  Zealot x2  
  57  10:11  Dark Templar  
  57  10:13  Dark Templar  
  65  10:23  Shield Battery  
  65  10:24  Zealot x3  
  71  10:31  Dark Templar  
  71  10:35  Zealot x2  
  74  10:47  Zealot x2  
  74  10:48  Zealot  
  74  10:58  Zealot  

Tags
 
Add a new tag
Caveats
  • Supply blocks, unpowered buildings, or Contaminate may cause inaccurate times.
  • Supply counts are checked every 10 seconds.